 Dungeon Crawl Stone Soup version 0.29-a0-322-g68df515428 (webtiles) character file.

Game seed: 4894273163406721872

207 Antichthon the Covert (level 5, 0/26 HPs)
             Began as a Spriggan Brigand on Apr 5, 2022.
             Killed by nerve-wracking pain
             ... invoked by a shadow imp
             ... summoned by Natasha
              (8 damage)
             ... on level 4 of the Dungeon.
             The game lasted 00:13:26 (4965 turns).

Antichthon the Covert (Spriggan Brigand)            Turns: 4965, Time: 00:13:27

Health: 0/26       AC:  3    Str:  7    XL:     5   Next: 54%
Magic:  6/6        EV: 18    Int: 12    God:
Gold:   243        SH:  0    Dex: 19    Spells: 4/4 levels left

rFire   . . .      SeeInvis +   a - +1 dagger (speed)
rCold   . . .      Faith    .   (no shield)
rNeg    . . .      Spirit   .   B - +0 robe
rPois   .          Reflect  .   (helmet restricted)
rElec   .          Harm     .   C - +0 cloak
rCorr   .          Rampage  .   (gloves unavailable)
Will    .....                   (boots unavailable)
Stlth   ++++......              (no amulet)
HPRegen 0.08/turn               (no ring)
MPRegen 0.10/turn               (no ring)

@: very quick
A: very small, no large weapons, unfitting armour, see invisible, speed 3, noise
suppression
a: no special abilities


You were on level 4 of the Dungeon.
You visited 1 branch of the dungeon, and saw 4 of its levels.

You collected 243 gold pieces.

Inventory:

Hand Weapons
 a - a +1 dagger of speed (weapon)
 n - a +2 dagger
 p - a +2 dagger of draining
Missiles
 c - 3 atropa-tipped darts
 d - 16 poisoned darts (quivered)
 e - 3 curare-tipped darts
 k - 9 boomerangs
Armour
 B - a +0 robe (worn)
 C - a +0 cloak (worn)
Wands
 o - a wand of iceblast (7)
Scrolls
 h - a scroll of identify
 l - a scroll of immolation
 m - a scroll of blinking
Potions
 b - a potion of might
 f - 3 potions of heal wounds
 g - 3 potions of curing
 i - a potion of mutation
 j - a potion of invisibility
 q - a potion of ambrosia
 r - a potion of lignification


   Skills:
 + Level 2.1 Fighting
 + Level 3.5 Short Blades
 + Level 2.0 Throwing
 + Level 2.9 Dodging
 + Level 8.5 Stealth


You had 4 spell levels left.
You didn't know any spells.
Your spell library contained the following spells:

 Spells                   Type           Power      Damage    Failure   Level
 Apportation              Tloc           0%         N/A       32%         1
 Foxfire                  Conj/Fire      0%         2x1d4     32%         1
 Sandblast                Erth           0%         2d4       32%         1
 Sting                    Tmut/Pois      0%         1d3       32%         1
 Summon Small Mammal      Summ           0%         N/A       32%         1
 Passwall                 Tmut/Erth      0%         N/A       45%         2
 Poisonous Vapours        Pois/Air       0%         N/A       45%         2
 Call Canine Familiar     Summ           0%         N/A       69%         3
 Stone Arrow              Conj/Erth      0%         3d7       69%         3
 Summon Guardian Golem    Hex/Summ       0%         N/A       69%         3
 Olgreb's Toxic Radiance  Pois           0%         N/A       97%         4
 Alistair's Intoxication  Tmut/Pois      0%         N/A       100%        5
 Conjure Ball Lightning   Conj/Air       0%         3x3d6     100%        6
 Discord                  Hex            0%         N/A       100%        8
 Disjunction              Tloc           0%         N/A       100%        8


Dungeon Overview and Level Annotations

Branches:
Dungeon (4/15)
 Temple: D:4-7

Altars:

Annotations:
D:4 Natasha


Innate Abilities, Weirdness & Mutations

You are very small and have problems with some larger weapons.
You are too small for most types of armour.
You have supernaturally acute eyesight. (SInv)
You cover ground extremely quickly. (Speed+++)
You passively dampen the noise of your surroundings.


Message History

Natasha is heavily wounded.
Natasha barely misses you. The shadow imp completely misses you.
You hit Natasha but do no damage.
Natasha is heavily wounded.
You completely miss Natasha.
Natasha is heavily wounded.
Natasha closely misses you. The shadow imp completely misses you.
You hit Natasha.
Natasha is heavily wounded.
You completely miss Natasha.
Natasha is heavily wounded.
Natasha casts a spell at you. The magic dart hits you!
The shadow imp gestures at you. Pain shoots through your body!
* * * LOW HITPOINT WARNING * * *
You feel better.
Natasha howls an incantation.
Natasha shimmers violently.
Natasha misses you. The shadow imp gestures at you.
You resist with significant effort.
You barely miss Natasha.
Natasha is heavily wounded.
You hit Natasha.
Natasha is severely wounded.
Natasha closely misses you. The shadow imp barely misses you.
You hit Natasha but do no damage.
Natasha is severely wounded.
You hit Natasha.
Natasha is severely wounded.
Natasha closely misses you. The shadow imp completely misses you.
You hit Natasha.
Natasha is almost dead.
Natasha claws you.
You barely miss Natasha.
Natasha is almost dead.
The shadow imp gestures at you. Pain shoots through your body!
You die...

#........###
#.).....#...
.#######........###
.............<.##
.#######.......#
####...## ##.## #5# #
## #@# .. .. ##h##
.#h###. ##.h.## .....#.
##<....## ....h..
##.......#
.......####.........#
......§h.†'.........'.
.......####.........###
.#.##.. ##.......##


You could see Natasha, a shadow imp (summoned) and a jackal.

Vanquished Creatures
  Robin (D:3)
  7 adders
  An ufetubus (D:4)
  A worm (D:3)
  2 dart slugs (D:3)
  11 orcs
  8 bats
  12 endoplasms
  3 giant cockroaches
  16 goblins
  7 hobgoblins
  5 jackals
  2 quokkas
  4 ball pythons
  A frilled lizard (D:1)
  13 kobolds
  6 rats
100 creatures vanquished.

Notes
Turn   | Place    | Note
-------+----------+-------------------------------------------
     0 | D:1      | Antichthon the Spriggan Brigand began the quest for the
                  | Orb.
     0 | D:1      | Reached XP level 1. HP: 10/10 MP: 2/2
    20 | D:1      | Reached skill level 6 in Stealth
   264 | D:1      | Reached XP level 2. HP: 15/15 MP: 3/3
   745 | D:1      | Found a faded altar of an unknown god.
   755 | D:1      | Reached skill level 7 in Stealth
   755 | D:1      | Gained mutation: You passively dampen the noise of your
                  | surroundings. [potion of mutation]
   761 | D:1      | Got Plato's Papyrus of the Volcanoes
  1182 | D:2      | Reached XP level 3. HP: 18/18 MP: 4/4
  2167 | D:3      | Reached XP level 4. HP: 23/23 MP: 5/5
  2217 | D:3      | Noticed Robin
  2245 | D:3      | Killed Robin
  2246 | D:3      | Reached skill level 8 in Stealth
  2259 | D:3      | HP: 1/23 [kobold/+0 short sword (3)]
  3368 | D:3      | Reached XP level 5. HP: 26/26 MP: 6/6
  4904 | D:4      | Noticed Natasha
  4965 | D:4      | Killed from afar by a shadow imp

Illustrated notes

Levels and vault maps discovered:
D:1:      dpeg_arrival_arbitrary_b, layout_basic,
          shapermc_ecumenical_altar_rom_forum
D:2:      layout_loops_ring
D:3:      wad_river_or_something, layout_loops_ring, eino_tiny_chamber,
          uniq_robin
D:4:      layout_loops_corners, minmay_pentomino_pile, uniq_ijyb, uniq_natasha,
          uniq_grinder

Skill      XL: |  1  2  3  4 |
---------------+-------------+-----
Stealth        | 6 7 8 |  8.5
Fighting       | 2 |  2.1
Dodging        | 2 |  2.9
Short Blades   | 3 |  3.5
Throwing       | |  2.0

Action                   |  1- 3 |  4- 6 || total
-------------------------+-------+-------++-------
Melee: Dagger            |   107 |   307 ||   414
       Punch             |       |     2 ||     2
  Use: Scroll            |     6 |     2 ||     8
       Potion            |    10 |     1 ||    11
 Stab: Sleeping          |    14 |    14 ||    28
Armor: Robe              |     9 |    30 ||    39
Dodge: Dodged            |    59 |   162 ||   221

Table legend: (Time is in decaauts)
 A = Elapsed time spent in this place.
 B = Non-inter-level travel time spent in this place.
 C = Inter-level travel time spent in this place.
 D = Time resting spent in this place.
 E = Time spent auto-exploring this place.
 F = Levels seen in this place.
 G = Mean time per level.
                   A        B        C        D        E       F      G
               +--------+--------+--------+--------+--------+-----+--------+
         Total |   3802 |   3720 |     82 |   1277 |   1629 |   4 |  950.5 |
       Dungeon |   3802 |   3720 |     82 |   1277 |   1629 |   4 |  950.5 |
               +--------+--------+--------+--------+--------+-----+--------+

Top non-repeatable levels by time:
     D:3: 1518 daAuts
     D:1: 794 daAuts
     D:2: 777 daAuts
     D:4: 712 daAuts
